 Dungeon Crawl Stone Soup version 0.27-a0-1189-gb8eb6cee8e (webtiles) character file.

Game seed: 6682439899842679315

25 Aggronaut the Unweaver (level 2, -2/24 HPs)
             Began as a Demonspawn Abyssal Knight on May 23, 2021.
             Was a Follower of Lugonu.
             Slain by an ogre
             ... wielding a +0 giant club
              (8 damage)
             ... on level 2 of the Dungeon.
             The game lasted 00:01:30 (1067 turns).

Aggronaut the Unweaver (Demonspawn Abyssal Knight)  Turns: 1067, Time: 00:01:31

Health: -2/24      AC:  3    Str: 12    XL:     2   Next: 82%
Magic:  4/4        EV: 11    Int: 13    God:    Lugonu [*.....]
Gold:   64         SH:  0    Dex: 12    Spells: 1/1 levels left

rFire    . . .     SeeInvis .   a - +1 mace
rCold    . . .     Faith    .   (no shield)
rNeg     . . .     Spirit   .   b - +0 leather armour
rPois    .         Reflect  .   (no helmet)
rElec    .         Harm     .   (no cloak)
rCorr    .         Rampage  .   (no gloves)
Will     .....                  (no boots)
Stlth    +.........             (no amulet)
HPRegen  0.08/turn              (no ring)
MPRegen  0.09/turn              (no ring)

@: no status effects
A: demonic magic 1
a: Renounce Religion, Depart the Abyss


You were on level 2 of the Dungeon.
You worshipped Lugonu.
Lugonu was aware of your devotion.
You visited 1 branch of the dungeon, and saw 2 of its levels.
You visited the Abyss 1 time.

You collected 64 gold pieces.

Inventory:

Hand Weapons
 a - a +1 mace (weapon)
Armour
 b - a +0 leather armour (worn)
Scrolls
 d - a scroll of enchant armour {unknown}
 e - a scroll of immolation {unknown}
Potions
 c - a potion of ambrosia {unknown}
 f - a potion of mutation {unknown}


   Skills:
 - Level 3.0 Fighting
 + Level 2.2 Maces & Flails
 - Level 1.7 Armour
 - Level 0.8 Dodging
 * Level 3.9 Invocations


You had one spell level left.
You didn't know any spells.
Your spell library was empty.

Dungeon Overview and Level Annotations

Branches:
Dungeon (1/15)

Altars:


Innate Abilities, Weirdness & Mutations

Spells you cast may paralyse adjacent enemies.


Message History

You sock the endoplasm!
You kill the endoplasm!
Lugonu accepts your kill.
Things that are here:
a +0 club; a goblin corpse You fall into a shaft and drop 1 floor!
The shaft crumbles and collapses.
Found a short sword.
Found a stone staircase leading down.
A kobold comes into view. It is wielding a +0 dagger.
There is a stone staircase leading down here.
A goblin comes into view. It is wielding a +0 dagger.
The goblin shouts!
The kobold misses you.
An ogre comes into view. It is wielding a +0 giant club.
The ogre shouts!
The kobold barely misses you.
You miss the kobold. The kobold closely misses you.
The kobold hits you with a +0 dagger.
There is a stone staircase leading down here.
You see here a +0 short sword.
You hit the kobold.
You kill the kobold!
Lugonu accepts your kill.
You barely miss the ogre. The ogre hits you with a +0 giant club!
Ouch! That really hurt!
You hit the ogre but do no damage. The ogre closely misses you.
You sock the ogre!
The ogre is moderately wounded.
The ogre closely misses you.
You hit the ogre.
The ogre is heavily wounded.
The ogre hits you with a +0 giant club.
* * * LOW HITPOINT WARNING * * *
You thump the ogre!
The ogre is severely wounded.
The ogre misses you.
You hit the ogre but do no damage.
The ogre is severely wounded.
The ogre hits you with a +0 giant club!
You die...

# #. ### #.##.##
#..#..... #.......#
⌠.#.#.#.## ##@#
8.8.......#.##O#
#.........#. #g#
..#....... #)# .
........####.####
...#..............#
#.....#..#####.##.#
.........g........#
##.#..#......#....#


You could see an ogre and a goblin.

Vanquished Creatures
  2 dart slugs (D:1)
  2 endoplasms (D:1)
  A giant cockroach (D:1)
  3 goblins (D:1)
  2 hobgoblins (D:1)
  3 ball pythons (D:1)
  A frilled lizard (D:1)
  4 kobolds
  A rat (D:1)
19 creatures vanquished.

Notes
Turn   | Place    | Note
-------+----------+-------------------------------------------
     0 | Abyss:1  | Aggronaut the Demonspawn Abyssal Knight began the quest for
                  | the Orb.
     0 | Abyss:1  | Reached XP level 1. HP: 18/18 MP: 2/2
    18 | D:1      | Escaped the Abyss
   189 | D:1      | Gained mutation: Spells you cast may paralyse adjacent
                  | enemies. [demonic ancestry]
   189 | D:1      | Reached XP level 2. HP: 5/24 MP: 4/4
  1036 | D:1      | You fall into a shaft and drop 1 floor!
  1045 | D:2      | Noticed an ogre
  1067 | D:2      | Slain by an ogre

Illustrated notes

Levels and vault maps discovered:
D:1:      sevenhm_arrival_forest_fort_large_3, layout_basic
D:2:      layout_basic, serial_shops,
          nicolae_shop_temple_entry_statues_fountains, minmay_tall_x,
          uniq_crazy_yiuf_cottage, uniq_robin

Skill      XL: |  1 |
---------------+----+-----
Maces & Flails | 2 |  2.2
Invocations    | 3 |  3.9
Fighting       | |  3.0
Armour         | |  1.7
Dodging        | |  0.8

Action                   || total
-------------------------++-------
Melee: Mace              ||    60
Armor: Leather armour    ||     9
Dodge: Dodged            ||    41

Table legend: (Time is in decaauts)
 A = Elapsed time spent in this place.
 B = Non-inter-level travel time spent in this place.
 C = Inter-level travel time spent in this place.
 D = Time resting spent in this place.
 E = Time spent auto-exploring this place.
 F = Levels seen in this place.
 G = Mean time per level.
                   A        B        C        D        E       F      G
               +--------+--------+--------+--------+--------+-----+--------+
         Total |   1084 |   1084 |      0 |    491 |    379 |   3 |  361.3 |
       Dungeon |   1066 |   1066 |      0 |    491 |    376 |   2 |  533.0 |
         Abyss |     18 |     18 |      0 |      0 |      3 |   1 |   18.0 |
               +--------+--------+--------+--------+--------+-----+--------+

Top non-repeatable levels by time:
     D:1: 1033 daAuts
     D:2: 32 daAuts
 Abyss:1: 18 daAuts
